 Dungeon Crawl Stone Soup version 0.22-a0-533-g4d20840 (webtiles) character file.

23 stealthycow the Chopper (level 2, -1/27 HPs)
             Began as a Minotaur Berserker on June 22, 2018.
             Was a Follower of Trog.
             Slain by a hobgoblin (2 damage)
             ... on level 2 of the Dungeon.
             The game lasted 00:01:20 (922 turns).

stealthycow the Chopper (Minotaur Berserker)         Turns: 922, Time: 00:01:21

Health: -1/27      AC:  5    Str: 21    XL:     2   Next: 75%
Magic:  1/1        EV: 11    Int:  4    God:    Trog [*.....]
Gold:   64         SH:  0    Dex:  9    Spells: 1/1 levels left

rFire    . . .     SeeInvis .   a - +0 hand axe
rCold    . . .     Gourm    .   (no shield)
rNeg     . . .     Faith    .   d - +0 ring mail
rPois    .         Spirit   .   (helmet restricted)
rElec    .         Reflect  .   (no cloak)
rCorr    .         Harm     .   (no gloves)
MR       .....                  (no boots)
Stlth    ..........             (no amulet)
HPRegen  0.09/turn              (no ring)
MPRegen  0.07/turn              (no ring)

@: berserk cooldown, slowed, very slow
A: retaliatory headbutt, horns 2
a: Berserk, Renounce Religion


You were on level 2 of the Dungeon.
You worshipped Trog.
Trog was aware of your devotion.
You were very hungry.

You visited 1 branch of the dungeon, and saw 2 of its levels.

You collected 64 gold pieces.

Inventory:

Hand Weapons
 a - a +0 hand axe (weapon)
Armour
 d - a +0 ring mail (worn)
Scrolls
 e - a scroll of remove curse {unknown}
 g - a scroll of fear {unknown}
Potions
 b - a potion of resistance {unknown}
 h - a potion of lignification {unknown}
Comestibles
 c - 3 rations
 f - 3 chunks of flesh


   Skills:
 + Level 3.9 Fighting
 * Level 4.2 Axes
 + Level 2.8 Armour
 + Level 2.5 Dodging


You had one spell level left.
You didn't know any spells.
Your spell library was empty.

Dungeon Overview and Level Annotations

Branches:
Dungeon (2/15)

Altars:

Annotations:
D:2 Terence


Innate Abilities, Weirdness & Mutations

You reflexively headbutt those who attack you in melee.
You have a pair of horns on your head.


Message History

You furiously retaliate!
You headbutt the hobgoblin.
The hobgoblin hits you but does no damage.
Terence hits you with a hand axe.
* * * LOW HITPOINT WARNING * * *
You climb upwards.
There is a stone staircase leading down here.
The hobgoblin misses you. Terence hits you but does no damage.
You climb downwards.
You are feeling very hungry.
The leopard gecko bites you.
* * * LOW HITPOINT WARNING * * *
The phantom closely misses you. The leopard gecko closely misses you.
The phantom closely misses you. The leopard gecko bites you.
* * * LOW HITPOINT WARNING * * *
The phantom hits you but does no damage.
There is a stone staircase leading up, spattered with blood here.
You see here a stone.
Okay, then.
The hobgoblin hits you.
You die...

###.....#######.#.#
#............... #.#
#.##......#.>.####.#
#..........:..÷...#.
#..#.....##...####.#
#..###.##..........#
#..# #.##.###.####..
#.####Wg###.##.#
#.......
#.....Kl@(†.##.#
#.####.#
......@.##..##.....#
#.#
...........>.....###
#.#
#######.###.####.
#.# #.# #W# # #.#
... #.. ### #.# ##.#
#.# .#


You could see a phantom, Terence, a leopard gecko, a hobgoblin and a kobold.

Vanquished Creatures
  2 giant cockroaches (D:1)
  3 hobgoblins (D:1)
  4 bats
  4 frilled lizards
  7 kobolds (D:1)
  3 rats (D:1)
23 creatures vanquished.

Notes
Turn   | Place    | Note
-------+----------+-------------------------------------------
     0 | D:1      | stealthycow the Minotaur Berserker began the quest for the Orb.
     0 | D:1      | Reached XP level 1. HP: 19/19 MP: 0/0
   280 | D:1      | Reached XP level 2. HP: 27/27 MP: 1/1
   385 | D:1      | Reached skill level 4 in Axes
   897 | D:2      | Noticed a phantom
   912 | D:2      | Noticed Terence
   921 | D:2      | HP: 1/27 [leopard gecko (4)]
   922 | D:2      | Slain by a hobgoblin

Vault maps used:
D:1:      minmay_arrival_stair_chambers, minmay_strange_pillars,
          minmay_crystal_room
D:2:      lemuel_round_altar, chequers_ecumenical_altar_grove, first_ration,
          uniq_natasha, uniq_robin, uniq_crazy_yiuf_cottage, uniq_terence

Skill      XL: |  1  2 |
---------------+-------+-----
Axes           | 4 |  4.2
Fighting       | |  3.9
Armour         | |  2.8
Dodging        | |  2.5

Action                   || total
-------------------------++-------
Melee: Hand axe          ||    48
       Headbutt          ||     3
Invok: Berserk           ||     1
Armor: Ring mail         ||    13
Dodge: Dodged            ||    43

Table legend:
 A = Spawn XP
 B = Non-spawn XP
 C = Spawn XP percentage of total XP
 D = Spawn monster count
 E = Non-spawn monster count
 F = Spawn count percentage of total count
 G = Total turns spent on level
                    A         B        C        D         E        F      G
               +---------+---------+-------+---------+---------+-------+---------
         Total |       0 |      34 |   0.0 |       0 |      23 |   0.0 |   922
               +---------+---------+-------+---------+---------+-------+---------
           D:1 |       0 |      26 |   0.0 |       0 |      18 |   0.0 |   822
           D:2 |       0 |       8 |   0.0 |       0 |       5 |   0.0 |   100
               +---------+---------+-------+---------+---------+-------+---------
